 Dungeon Crawl Stone Soup version 0.29.0-13-gc9e81de378 (webtiles) character file.

Game seed: 10256441980596964749

212 QueenGhuleh the Trooper (level 5, -1/48 HPs)
             Began as a Minotaur Berserker on Sept 8, 2022.
             Was a Priest of Trog.
             Slain by a gnoll
             ... wielding a +0 flail
              (7 damage)
             ... on level 4 of the Dungeon.
             The game lasted 00:04:57 (3163 turns).

QueenGhuleh the Trooper (Minotaur Berserker)        Turns: 3163, Time: 00:04:57

Health: -1/48      AC:  9    Str: 23    XL:     5   Next: 58%
Magic:  4/4        EV:  8    Int:  4    God:    Trog [***...]
Gold:   153        SH:  0    Dex: 10    Spells: 4/4 levels left

rFire   . . .      SeeInvis .   a - +0 hand axe
rCold   . . .      Faith    .   (no shield)
rNeg    . . .      Spirit   .   c - +0 chain mail
rPois   .          Reflect  .   (helmet restricted)
rElec   .          Harm     .   (no cloak)
rCorr   .          Rampage  .   (no gloves)
Will    .....                   (no boots)
Stlth   ..........              (no amulet)
HPRegen 0.16/turn               (no ring)
MPRegen 0.09/turn               (no ring)

@: on berserk cooldown, slowed, very slow
A: horns 2, retaliatory headbutt
a: Renounce Religion, Berserk, Trog's Hand


You were on level 4 of the Dungeon.
You worshipped Trog.
Trog was most pleased with you.
You visited 1 branch of the dungeon, and saw 4 of its levels.

You collected 153 gold pieces.

Inventory:

Hand Weapons
 a - a +0 hand axe (weapon)
Armour
 c - a +0 chain mail (worn)
Jewellery
 f - an amulet of guardian spirit
 q - a ring of positive energy
 s - a +4 ring of protection
Scrolls
 b - a scroll of immolation {unknown}
 d - 3 scrolls of identify {unknown}
 e - a scroll of blinking {unknown}
 g - a scroll of magic mapping {unknown}
 h - 2 scrolls of vulnerability {unknown}
 o - 2 scrolls of teleportation {unknown}
 r - a scroll of fear {unknown}
Potions
 i - a potion of magic {unknown}
 j - a potion of heal wounds {unknown}
 k - a potion of resistance {unknown}
 l - a potion of attraction {unknown}
 m - a potion of curing {unknown}
 n - a potion of lignification {unknown}
 p - a potion of brilliance {unknown}


   Skills:
 + Level 5.2 Fighting
 + Level 5.2 Axes
 + Level 4.3 Armour
 + Level 2.6 Dodging
 + Level 0.1 Stealth


You had 4 spell levels left.
You didn't know any spells.
Your spell library was empty.

Dungeon Overview and Level Annotations

Branches:
Dungeon (4/15)
 Temple: D:4-7

Altars:
Trog
Uskayaw
The Shining One

Shops:
D:2 :   D:4 :


Innate Abilities, Weirdness & Mutations

You have a pair of horns on your head.
You reflexively headbutt those who attack you in melee.


Message History

You are too injured to fight recklessly!
A red film seems to cover your vision as you go berserk!
You feel yourself moving faster!
You feel mighty! The gnoll barely misses you. x2
You furiously retaliate!
You headbutt the gnoll!
You kill the gnoll!
Trog accepts your kill.
You slash Ijyb! You headbutt Ijyb!
You kill Ijyb!
Trog accepts your kill.
The gnoll hits you from afar with a +0 spear.
* * * LOW HITPOINT WARNING * * *
Your Axes skill increases to level 5!
The gnoll hits you but does no damage.
Things that are here:
a +0 club; a +0 scale mail; a wand of mindburst (6)
You feel a strong urge to attack something.
You barely miss the gnoll. You hit the gnoll.
The gnoll hits you with a +0 spear.
* * * LOW HITPOINT WARNING * * *
The gnoll unwields a +0 sling.
The gnoll wields a +0 flail.
The gnoll hits you but does no damage.
You hit the gnoll.
The gnoll is heavily wounded.
You hit the gnoll. The gnoll hits you with a +0 spear.
* * * LOW HITPOINT WARNING * * *
You hit the gnoll.
You kill the gnoll!
Trog accepts your kill.
You hit the gnoll. The gnoll hits you but does no damage.
Items here: $ ) [ †.
You feel a strong urge to attack something.
The gnoll closely misses you.
You are no longer berserk.
You are exhausted.
You feel yourself slow down.
The gnoll unwields a +0 flail.
The gnoll wields a +0 sling.
The gnoll shoots a sling bullet.
The sling bullet hits you but does no damage.
The gnoll unwields a +0 sling.
The gnoll wields a +0 flail.
The gnoll hits you with a +0 flail!
You die...

#####.#.# #.......#
##.....#.# #.......#
.##......#.########'#.#
.........#...)........#
.............$..##.......
...~......)..............
...........)....##.......
~~.......)......##.......
~~......@g......##.......
................##.......
...~............##.......
...............)#
................#
#...............#
#...............#
...............


You could see a gnoll.

Vanquished Creatures
  Ijyb (D:4)
  3 gnolls (D:4)
  6 adders
  A river rat (D:3)
  3 worms
  3 dart slugs
  5 orcs (D:4)
  7 bats
  5 endoplasms
  4 giant cockroaches
  7 goblins
  4 hobgoblins
  10 kobolds
  3 quokkas
  7 ball pythons
  4 frilled lizards
  7 rats
80 creatures vanquished.

Notes
Turn   | Place    | Note
-------+----------+-------------------------------------------
     0 | D:1      | QueenGhuleh the Minotaur Berserker began the quest for the
                  | Orb.
     0 | D:1      | Reached XP level 1. HP: 19/19 MP: 0/0
   225 | D:1      | Reached XP level 2. HP: 27/27 MP: 1/1
  1040 | D:2      | Reached XP level 3. HP: 34/34 MP: 2/2
  1067 | D:2      | Reached ** piety under Trog
  1222 | D:2      | Reached XP level 4. HP: 41/41 MP: 3/3
  1265 | D:2      | Found Uweethiu's Book Shop.
  1337 | D:2      | Found a glowing golden altar of the Shining One.
  1879 | D:3      | Found a hide-covered altar of Uskayaw.
  2288 | D:3      | Found a bloodstained altar of Trog.
  2615 | D:3      | Reached skill level 5 in Fighting
  2672 | D:3      | Reached XP level 5. HP: 48/48 MP: 4/4
  2695 | D:3      | Reached *** piety under Trog
  2779 | D:4      | Found Laex's Book Shoppe.
  3146 | D:4      | Noticed Ijyb
  3154 | D:4      | Killed Ijyb
  3155 | D:4      | Reached skill level 5 in Axes
  3163 | D:4      | Slain by a gnoll

Illustrated notes

Levels and vault maps discovered:
D:1:      kilobyte_arrival_exit_the_forest, layout_loops_ring,
          minmay_misc_feat_hallway, minmay_misc_feat_four_crosses
D:2:      wad_river_or_something, layout_loops_ring, basic_altar, serial_shops,
          shop_coins, grunt_decor_mini_mirrors
D:3:      layout_basic, nicolae_uskayaw_murder_on_the_dancefloor,
          lemuel_coloured_pillars_altar, gup_sewer_entry_spiral
D:4:      layout_basic, lemuel_tele_altar,
          mainiacjoe_overflow_concentric_impassable, serial_shops,
          nicolae_stop_n_shop_1, skrybe_limestone_x, kennysheep_generic_room_12,
          uniq_ijyb, uniq_blork_the_orc

Skill      XL: |  1  2  3  4  5 |
---------------+----------------+-----
Axes           | 4 5 |  5.2
Fighting       | 4 5 |  5.2
Armour         | 3 4 |  4.3
Dodging        | |  2.6
Stealth        | |  0.1

Action                   |  1- 3 |  4- 6 || total
-------------------------+-------+-------++-------
Melee: Hand axe          |    86 |    98 ||   184
       Headbutt          |     9 |    22 ||    31
Invok: Berserk           |       |     2 ||     2
Armor: Chain mail        |    44 |    44 ||    88
Dodge: Dodged            |    38 |    45 ||    83
